 Dungeon Crawl Stone Soup version 0.29.1-2-gbd0b4ee654 (webtiles) character file.

Game seed: 15848169528395771481

596262 DildoBatman the Petrodigitator (level 27, -7/219 HPs)
             Began as a Formicid Conjurer on Nov 1, 2022.
             Was an Initiate of Gozag.
             Mangled by an ettin
             ... wielding a +2 dire flail of draining
              (26 damage)
             ... on level 12 of a ziggurat on Nov 2, 2022.
             The game lasted 04:21:22 (57813 turns).

DildoBatman the Petrodigitator (Formicid Conjurer) Turns: 57813, Time: 04:21:22

Health: -7/219     AC: 29    Str: 18    XL:     27
Magic:  40/43      EV: 26    Int: 29    God:    Gozag
Gold:   11265      SH: 22    Dex: 21    Spells: 14/59 levels left

rFire   . . .      SeeInvis +   a - +12 pair of quick blades "Gyre" and "Gimble" {protect}
rCold   + . .      Faith    .   q - +0 tower shield of Amelioration {Contam rPois Regen+}
rNeg    + + +      Spirit   .   o - +4 troll leather armour {Pargi}
rPois   ∞          Reflect  .   (helmet unavailable)
rElec   +          Harm     .   G - +2 cloak {Stlth+}
rCorr   .          Rampage  +   O - +2 pair of gloves {Stlth+}
Will    +++..      Archmagi +   h - +2 pair of boots of the Arena {-Tele Rampage rPois Int+3}
Stlth   ++++......              m - amulet "Qoitus" {RegenMP rN+ Str+7}
HPRegen 2.06/turn               y - ring of the Mage {Wiz Archmagi}
MPRegen 0.68/turn               E - ring of the Hare {EV+8}

@: brilliant, lich-form, gold aura, studying 2 skills
A: draining attack, torment immunity, no potions, permanent stasis, dig shafts
and tunnels, antennae 3, four strong arms, iridescent scales 1, clever 1,
electricity resistance, wild magic 1
}: 4/15 runes: serpentine, barnacled, silver, golden
a: Dig, Shaft Self, End Transformation, Renounce Religion, Potion Petition, Call
Merchant, Bribe Branch


You were on level 12 of a ziggurat.
You worshipped Gozag.
Gozag was extremely pleased with you.
You were an undead lich.
You visited 10 branches of the dungeon, and saw 45 of its levels.
You visited 1 ziggurat, and saw 12 of its levels.
You also visited: Gauntlet and Ice Cave.

You collected 26224 gold pieces.
You spent 6962 gold pieces at shops.
You paid 7997 gold pieces to Gozag.

Inventory:

Hand Weapons
 a - the +12 pair of quick blades "Gyre" and "Gimble" (weapon) {protect}
   (You found it on level 1 of the Elven Halls)

   It grants its wielder temporary protection when it strikes (+7 to AC).
 b - the +3 shortbow of Execution {venom, Fly rF- rCorr Int+6}
   (You found it on level 4 of a ziggurat)

   Any ammunition fired from it poisons the flesh of those it strikes.
   Int:       It affects your intelligence (+6).
   rF:        It makes you vulnerable to fire.
   Fly:       It grants you flight.
   rCorr:     It protects you from acid and corrosion.
 c - the +5 rapier of Karma {vorpal, *Rage rF++ Will+ rCorr}
   (You found it on level 8 of a ziggurat)

   It inflicts extra damage upon your enemies.
   rF:        It greatly protects you from fire.
   *Rage:     It berserks you when you make melee attacks (+20% chance).
   rCorr:     It protects you from acid and corrosion.
   Will:      It increases your willpower.
 d - the +5 short sword of Ambiguity {venom, rElec rF+ rC+ Stlth+}
   (You found it on level 2 of the Elven Halls)

   It poisons the flesh of those it strikes.
   rF:        It protects you from fire.
   rC:        It protects you from cold.
   rElec:     It insulates you from electricity.
   Stlth:     It makes you more stealthy.
 L - the +11 plutonium sword {Contam Stlth-}
   (You found it on level 10 of a ziggurat)

   It occasionally inflicts wild transmutation effects on those it strikes,
   inflicting malmutation or extra damage, or polymorphing them into a new form.
   Contam:    It causes magical contamination when unequipped.
   Stlth:     It makes you less stealthy.
 Q - the +10 morningstar "Eos" {elec, Halo rElec}
   (You found it on level 11 of a ziggurat)

   It occasionally discharges a powerful burst of electricity upon striking a
   foe.
   It grants its wielder a halo, revealing invisible creatures and increasing
   accuracy against all within it other than the wielder.
   rElec:     It insulates you from electricity.
Missiles
 t - 7 throwing nets
 B - 4 silver javelins (quivered)
 M - 15 javelins
Armour
 h - the +2 pair of boots of the Arena (worn) {-Tele Rampage rPois Int+3}
   (You bought it in a shop on level 2 of the Orcish Mines)

   Int:       It affects your intelligence (+3).
   rPois:     It protects you from poison.
   -Tele:     It prevents most forms of teleportation.
   Rampage:   It bestows one free step when moving towards enemies.
 o - a +4 troll leather armour (worn) {Pargi}
 q - the +0 tower shield of Amelioration (worn) {Contam rPois Regen+}
   (You bought it in a shop on level 3 of the Tomb of the Ancients)

   rPois:     It protects you from poison.
   Contam:    It causes magical contamination when unequipped.
   Regen:     It increases your rate of health regeneration.
 G - a +2 cloak of stealth (worn)
 O - a +2 pair of gloves of stealth (worn)
 S - the +3 robe of Clouds {*Thunder rCloud rElec}
   (You found it on level 11 of a ziggurat)

   It occasionally creates storm clouds above nearby enemies.
   It grants its wearer immunity to clouds.
   rElec:     It insulates you from electricity.
Jewellery
 m - the amulet "Qoitus" (around neck) {RegenMP rN+ Str+7}
   (You found it on level 3 of the Vaults)

   [amulet of magic regeneration]

   It increases your rate of magic regeneration.
   Str:       It affects your strength (+7).
   rN:        It protects you from negative energy.
 y - the ring of the Mage (left hand) {Wiz Archmagi}
   (You bought it in a shop on level 1 of the Elven Halls)

   [ring of wizardry]

   It improves your spell success rate.
   Archmagi:  It increases the power of your magical spells.
 C - a +4 ring of protection
 E - the ring of the Hare (right hand) {EV+8}
   (You found it on level 3 of the Vaults)

   [ring of evasion]

   EV:        It affects your evasion (+8).
Wands
 i - a wand of acid (3)
 D - a wand of roots (45)
Scrolls
 g - a scroll of enchant armour
 k - 3 scrolls of fear
 r - 11 scrolls of poison
 u - 2 scrolls of magic mapping
 v - 2 scrolls of amnesia
 z - 15 scrolls of identify
 I - 10 scrolls of immolation
 K - 4 scrolls of torment
 N - 7 scrolls of fog
 R - 3 scrolls of acquirement
 Y - 3 scrolls of summoning
Potions
 e - 2 potions of experience
 f - 3 potions of mutation
 j - 4 potions of might
 n - 29 potions of curing
 s - 2 potions of resistance
 w - 3 potions of cancellation
 x - 10 potions of brilliance
 A - 11 potions of heal wounds
 F - a potion of invisibility
 H - 4 potions of magic
 U - 5 potions of ambrosia
Miscellaneous
 l - a box of beasts
 p - a condenser vane (inert)
 T - a phantom mirror
 Z - a lightning rod (4/4)


   Skills:
 - Level 18.7 Fighting
 - Level 3.0 Polearms
 - Level 12.9 Armour
 - Level 10.0 Dodging
 - Level 2.4 Stealth
 - Level 17.7 Shields
 - Level 16.7 Spellcasting
 - Level 6.0 Conjurations
 - Level 23.0 Necromancy
 - Level 20.0 Transmutations
 * Level 12.4 Ice Magic
 O Level 27 Earth Magic


You had 14 spell levels left.
You knew the following spells:

 Your Spells              Type           Power      Damage    Failure   Level
a - Borgnjor's Vile Clut  Necr/Erth      99%        N/A       1%          5
b - Lehudib's Crystal Sp  Conj/Erth      75%        10d17     19%         8
c - Polar Vortex          Ice            68%        N/A       100%        9
d - Necromutation         Tmut/Necr      95%        N/A       2%          8
e - Death's Door          Necr           97%        N/A       21%         9
h - Dispel Undead         Necr           100%       3d31      1%          4
z - Sublimation of Blood  Necr           100%       N/A       1%          2

Your spell library contained the following spells:

 Spells                   Type           Power      Damage    Failure   Level
 Beastly Appendage        Tmut           100%       N/A       1%          1
 Foxfire                  Conj/Fire      100%       2x1d9     1%          1
 Magic Dart               Conj           100%       1d8       1%          1
 Necrotise                Necr           100%       1d9       1%          1
 Sandblast                Erth           100%       2d20      1%          1
 Shock                    Conj/Air       100%       1d9       1%          1
 Sting                    Tmut/Pois      100%       1d8       1%          1
 Ensorcelled Hibernation  Hex/Ice        100%       N/A       1%          2
 Passwall                 Tmut/Erth      100%       N/A       1%          2
 Searing Ray              Conj           100%       2d8       1%          2
 Static Discharge         Conj/Air       88%        3-14/arc  1%          2
 Wereblood                Tmut           100%       N/A       1%          2
 Spider Form              Tmut/Pois      100%       N/A       1%          3
 Stone Arrow              Conj/Erth      100%       3d13      1%          3
 Vampiric Draining        Necr           100%       2d13      1%          3
 Anguish                  Hex/Necr       79%        N/A       1%          4
 Animate Armour           Summ/Erth      100%       N/A       1%          4
 Hailstorm                Conj/Ice       100%       3d20      1%          4
 Ice Form                 Ice/Tmut       100%       N/A       1%          4
 Leda's Liquefaction      Hex/Erth       70%        N/A       1%          4
 Petrify                  Tmut/Erth      100%       N/A       1%          4
 Agony                    Necr           100%       N/A       1%          5
 Blade Hands              Tmut           80%        N/A       1%          5
 Irradiate                Conj/Tmut      69%        3d34      1%          5
 Lee's Rapid Deconstruct  Erth           88%        3d40*     1%          5
 Yara's Violent Unravell  Hex/Tmut       63%        3d24      1%          5
 Death Channel            Necr           97%        N/A       1%          6
 Iron Shot                Conj/Erth      75%        9d14      1%          6
 Statue Form              Tmut/Erth      100%       N/A       1%          6
 Borgnjor's Revivificati  Necr           97%        N/A       1%          8
 Infestation              Necr           97%        N/A       1%          8
 Conjure Flame            Conj/Fire      88%        6-21      2%          3
 Dazzling Flash           Conj/Hex       100%       N/A       2%          3
 Apportation              Tloc           100%       N/A       3%          1
 Slow                     Hex            100%       N/A       3%          1
 Summon Small Mammal      Summ           100%       N/A       3%          1
 Poisonous Vapours        Pois/Air       100%       N/A       4%          2
 Scorch                   Fire           100%       2d10      4%          2
 Iskenderun's Battlesphe  Conj           100%       2d15      6%          5
 Metabolic Englaciation   Hex/Ice        54%        N/A       6%          5
 Flame Wave               Conj/Fire      88%        2d19      8%          4
 Fulminant Prism          Conj/Hex       44%        3d20      8%          4
 Iskenderun's Mystic Bla  Conj/Tloc      88%        2d17      8%          4
 Call Canine Familiar     Summ           63%        N/A       9%          3
 Confusing Touch          Hex            63%        N/A       9%          3
 Gell's Gravitas          Tloc           63%        N/A       9%          3
 Inner Flame              Hex/Fire       63%        N/A       9%          3
 Lesser Beckoning         Tloc           63%        N/A       9%          3
 Portal Projectile        Hex/Tloc       100%       N/A       9%          3
 Summon Guardian Golem    Hex/Summ       63%        N/A       9%          3
 Teleport Other           Tloc           63%        N/A       9%          3
 Tukima's Dance           Hex            63%        N/A       9%          3
 Ozocubu's Refrigeration  Ice            68%        4d22      13%         7
 Haunt                    Necr/Summ      79%        N/A       19%         7
 Lightning Bolt           Conj/Air       44%        1d63      21%         5
 Airstrike                Air            31%        2d(5-21)  22%         4
 Cause Fear               Hex            31%        N/A       22%         4
 Olgreb's Toxic Radiance  Pois           63%        N/A       22%         4
 Passage of Golubria      Tloc           63%        N/A       22%         4
 Summon Lightning Spire   Summ/Air       63%        N/A       22%         4
 Storm Form               Tmut/Air       63%        N/A       32%         7
 Manifold Assault         Tloc           63%        N/A       50%         5
 Silence                  Hex/Air        31%        N/A       50%         5
 Summon Forest            Summ/Tloc      31%        N/A       50%         5
 Summon Mana Viper        Hex/Summ       63%        N/A       50%         5
 Conjure Ball Lightning   Conj/Air       44%        3x3d15    65%         6
 Starburst                Conj/Fire      44%        6d12      65%         6
 Orb of Destruction       Conj           53%        9d13      80%         7
 Dispersal                Tloc           31%        N/A       95%         6
 Summon Cactus Giant      Summ           31%        N/A       95%         6
 Spellforged Servitor     Conj/Summ      44%        N/A       99%         7
 Malign Gateway           Summ/Tloc      31%        N/A       100%        7
 Discord                  Hex            31%        N/A       100%        8
 Disjunction              Tloc           31%        N/A       100%        8
 Ignition                 Fire           31%        3d10      100%        8
 Maxwell's Capacitive Co  Air            31%        ∞         100%        8
 Summon Horrible Things   Summ           31%        N/A       100%        8
 Animate Dead             Necr           Unusable   N/A       N/A         4
 Corpse Rot               Necr/Pois/Air  Unusable   N/A       N/A         4
 Simulacrum               Ice/Necr       Unusable   N/A       N/A         6
 Blink                    Tloc           Unusable   N/A       N/A         2
 Swiftness                Air            Unusable   N/A       N/A         3

Dungeon Overview and Level Annotations

Branches:
Dungeon (15/15)            Temple (1/1) D:5            Lair (5/5) D:10
 Shoals (4/4) Lair:3        Snake (4/4) Lair:3        Slime (0/5) Lair:5
    Orc (2/2) D:12            Elf (3/3) Orc:2        Vaults (5/5) D:14
  Crypt (3/3) Vaults:3       Tomb (3/3) Crypt:3      Depths (0/4) D:15
  IceCv (visited)         Gauntlet (visited)

Altars:
Ashenzari
Cheibriados
Dithmenos
Elyvilon
Fedhas
Gozag
Hepliaklqana
Kikubaaqudgha
Makhleb
Nemelex Xobeh
Okawaru
Qazlal
Ru
Sif Muna
Trog
Uskayaw
Vehumet
Wu Jian
Xom
Yredelemnul
Zin
The Shining One
Jiyva
Lugonu

Shops:
D:9 *   D:10 [*   Orc:2 [:[[   Elf:1 =   Elf:2 [   Elf:3 *   Snake:1 *
Snake:3 =::*   Vaults:1 (   Tomb:3 =::[[

Portals:
Abyss: Lair:5

Annotations:
D:6 exclusions: naga warrior and phantom
D:7 exclusion: ancestor


Innate Abilities, Weirdness & Mutations

You are an undead lich.
Your unarmed attacks are suffused with negative energy.
You are immune to unholy pain and torment.
Your necromantic spells are more powerful.
You cannot drink.
You are immune to poison.
You cannot be hasted, slowed, berserked, paralysed or teleported.
You can dig through walls and to a lower floor.
You have a pair of large antennae on your head. (SInv)
Your four strong arms can wield two-handed weapons with a shield.
You are partially covered in iridescent scales. (AC +2)
Your mind is acute. (Int +4, Str/Dex -1)
You are resistant to electric shocks. (rElec)
Your spells are a little harder to cast, but a little more powerful.


Message History

You block the fire giant's attack. You block the titan's attack.
The iron giant struggles to escape constriction.
The juggernaut attacks as you move away!
You block the juggernaut's attack. The juggernaut hits you.
The titan attacks as you move away! You block the titan's attack.
The zombie hands lose their grip on something.
The zombie hands constrict the juggernaut.
The zombie hands constrict the iron giant!! x2
The iron giant struggles to escape constriction.
The stone giant is distracted by your dazzling golden aura.
You block the fire giant's attack.
The fire giant attacks as you move away!
The fire giant misses you.
The zombie hands constrict the juggernaut!!
You kill the juggernaut!
The zombie hands constrict the iron giant!! x2
The cyclops throws a large rock.
The large rock completely misses you.
The titan is distracted by your dazzling golden aura.
The iron giant throws the ettin at you! You block the ettin's attack.
The ettin hits you with a +0 dire flail!!
The iron giant shouts!
Clouds of thunder condense around you!
The condenser dries out!
The zombie hands constrict the iron giant!!
The zombie hands constrict the iron giant!
You kill the iron giant!
The stone giant shouts!
The stone giant is no longer distracted by gold.
The juggernaut is struck by lightning.
The iron giant is struck by lightning.
The iron giant throws the stone giant at you!
You block the stone giant's attack.
The ettin hits you with a +2 dire flail of draining!!
You die...
Your body crumbles into a pile of gold.

▓▓▓▓▓▓▓▓▓▓▓
▓▓.........▓▓
▓▓...........▓▓
▓▓......§§.§§§.▓▓
▓▓.......C§§§§C§.▓▓
▓:|.....$§§C§§C§§§▓▓
∩[$....$.§§§§§C§C§§▓▓
>)=.........§C§CLC§.▓
∩[).........§§§§C§§▓▓
▓:)...............▓▓
▓▓...............▓▓
▓▓.............▓▓
▓▓...........▓▓
▓▓.........▓▓ ▓▓▓▓▓


You could see 2 iron giants, 2 juggernauts, a titan, a frost giant, a fire
giant, a stone giant, an ettin and a cyclops.

Vanquished Creatures
  A dread lich (Vaults:3)
  Khufu (Crypt:3)
  5 ancient liches
  A juggernaut (Zig:12)
  The ghost of dvd2 the Executioner, a veteran MiHu of Jiyva (Zig:10)
  30 royal mummies
  The ghost of Colgate the Wrestler, a veteran FoHu of Jiyva (Zig:10)
  Boris (twice) (Vaults:2 Vaults:5)
  Saint Roka (Vaults:1)
  The ghost of Hiliwumm the Slayer, a veteran MiGl of Okawaru (Elf:2)
  Bai Suzhen (Crypt:2)
  A Killer Klown (Zig:4)
  Margery (Crypt:2)
  Nikola (Shoals:3)
  Jory (Crypt:3)
  A Tzitzimitl (Tomb:3)
  An iron giant (Zig:12)
  A tentacled monstrosity (Vaults:5)
  A Hell Sentinel (Zig:3)
  The ghost of kalagan the Devastator, an adept DECj of Sif Muna (Vaults:3)
  3 quicksilver dragons
  8 liches
  3 titans
  Polyphemus (Shoals:1)
  6 deep elf blademasters
  9 ancient champions
  The ghost of MOCHET the Phalangite, an adept MiBe of Trog (Elf:2)
  An eldritch tentacle (Tomb:3)
  2 deep elf master archers (Elf:3)
  6 tengu reavers
  A kraken (Shoals:2)
  7 sphinxes
  5 shadow dragons
  Donald (Shoals:1)
  A shadow dragon (shapeshifter) (Zig:4)
  5 storm dragons
  7 nagarajas
  Ilsuiw (Shoals:2)
  5 revenants
  A frost giant (shapeshifter) (Zig:4)
  2 fenstrider witches (Zig:9)
  3 fire giants
  Aizul (Snake:1)
  Roxanne (Shoals:3)
  5 deep elf sorcerers
  2 frost giants
  18 vault wardens
  A ghost moth (Zig:5)
  3 curse skulls
  A juggernaut zombie (Crypt:3)
  A draconian scorcher (Zig:2)
  2 deep elf elementalists (Elf:3)
  Louise (Shoals:1)
  A draconian shifter (Zig:2)
  2 reapers
  9 ghouls
  14 ironbound preservers
  A broodmother (shapeshifter) (Elf:1)
  7 very ugly things
  2 war gargoyles
  17 vampire knights
  8 bennus
  8 stone giants
  9 deep elf demonologists
  7 ironbound thunderhulks
  2 demonspawn black suns (Zig:10)
  A minotaur (Gauntlet)
  6 deep elf annihilators
  2 entropy weavers
  8 deep elf death magi (Elf:3)
  4 merfolk javelineers (Shoals:4)
  23 dire elephants
  The ghost of itabs500 the Fighter, a journeyman DsBe of Trog (Elf:1)
  2 crystal guardians (Vaults:3)
  6 eidola
  19 mummy priests
  5 ettins
  9 merfolk impalers
  Josephine (D:10)
  A great orb of eyes (Vaults:3)
  7 deep elf high priests
  A fire dragon (shapeshifter) (Elf:1)
  4 jiangshi
  16 yaktaur captains
  A quicksilver dragon zombie (Crypt:3)
  3 salamander tyrants (Snake:4)
  4 spriggan zombies (Crypt:3)
  Erolcha (D:10)
  37 vault guards
  2 peacekeepers
  5 ogre magi
  7 hydras
  A merfolk avatar (Shoals:3)
  A jorogumo (shapeshifter) (D:13)
  5 boulder beetles
  4 catoblepae
  8 merfolk aquamancers
  A ghost crab (Zig:9)
  A boulder beetle (shapeshifter) (Vaults:5)
  2 alligator snapping turtles
  Erica (Lair:2)
  An alligator (Zig:9)
  15 naga warriors
  A radroach (shapeshifter) (Elf:1)
  18 two-headed ogres
  6 centaur warriors
  2 death knights (Crypt:1)
  12 anacondas
  68 death scarabs
  A radroach (Zig:5)
  A satyr (Shoals:3)
  2 tengu warriors (D:15)
  9 ironbound frosthearts
  3 death yaks (Shoals:1)
  32 dancing weapons
  9 vampire magi
  Urug (D:10)
  4 titan zombies
  9 naga sharpshooters
  A deep troll earth mage (Vaults:4)
  3 thrashing horrors (Lair:5)
  11 shock serpents
  A crystal echidna (Zig:3)
  21 deep elf knights
  Sonja (Lair:5)
  A hell knight (Crypt:2)
  A quicksilver ooze zombie (Crypt:1)
  3 soul eaters
  A titan skeleton (Tomb:3)
  An orc high priest (Zig:11)
  A fire crab (shapeshifter) (Zig:11)
  45 skeletal warriors
  A shadow wraith (Crypt:3)
  A bunyip zombie (Crypt:1)
  2 salamander mystics
  16 sea snakes
  A steelbarb worm (shapeshifter) (Elf:1)
  A goliath frog (Zig:9)
  5 bog bodies
  2 spriggan druids (Zig:8)
  4 swamp dragons (Zig:9)
  35 deep trolls
  3 wizards
  6 flayed ghosts
  An obsidian statue (Zig:4)
  13 deep elf archers
  2 glowing orange brains (Vaults:4)
  8 naga ritualists
  A lindwurm (shapeshifter) (Elf:1)
  2 lindwurms (Vaults:1)
  5 orc knights
  8 necromancers
  23 phantasmal warriors
  2 orange crystal statues (Zig:4)
  22 ironbound convokers
  A mana viper (shapeshifter) (Lair:5)
  33 deep elf zephyrmancers
  14 manticores
  22 mana vipers
  A wolf spider (shapeshifter) (Vaults:3)
  38 deep elf pyromancers
  31 harpies
  15 fauns
  An orc sorcerer (Orc:1)
  2 will-o-the-wisps (Zig:9)
  A faun (shapeshifter) (Elf:1)
  8 ugly things
  11 salamanders
  3 moths of wrath
  A moth of wrath (shapeshifter) (Elf:1)
  Maurice (D:9)
  13 cyclopes
  A stone giant skeleton (Crypt:1)
  9 merfolk sirens
  47 black mambas
  A titan simulacrum (Crypt:3)
  2 torpor snails
  11 elephants
  2 centaur zombies (Crypt:3)
  7 guardian serpents
  7 naga magi
  3 gargoyles
  An alligator snapping turtle zombie (Crypt:3)
  23 vault sentinels
  A black mamba (shapeshifter) (Elf:1)
  6 cane toads
  6 water nymphs (Shoals:4)
  4 ice statues
  A death yak zombie (Crypt:3)
  3 smoke demons
  An unseen horror (D:13)
  A centaur skeleton (Tomb:3)
  A grey draconian zombie (Crypt:1)
  A purple draconian zombie (Crypt:3)
  An unseen horror (shapeshifter) (Elf:1)
  A rime drake (shapeshifter) (Elf:2)
  Psyche (D:11)
  A tormentor (Zig:3)
  3 rime drakes
  A demonic crawler (Zig:5)
  An efreet (D:13)
  15 freezing wraiths
  9 komodo dragons
  A grey draconian skeleton (Crypt:2)
  2 tengu conjurers (Vaults:2)
  3 kobold demonologists (D:10)
  An ancient zyme (Lair:5)
  4 harpy zombies
  26 yaktaurs
  An ice devil (Gauntlet)
  A minotaur skeleton (Crypt:2)
  A yellow draconian skeleton (Crypt:2)
  18 trolls
  2 meliai (shapeshifter)
  51 guardian mummies
  A polar bear (shapeshifter) (Lair:5)
  A merfolk (shapeshifter) (Vaults:4)
  3 meliai (D:14)
  21 merfolk
  8 wind drakes
  A shadow dragon simulacrum (Crypt:3)
  2 tarantellas
  3 polar bears
  4 harpy skeletons
  23 blink frogs
  34 slime creatures
  12 snapping turtles
  An ettin zombie (Vaults:4)
  10 dream sheep
  A centaur simulacrum (D:14)
  29 flying skulls
  A spriggan (shapeshifter) (Elf:1)
  2 deep troll skeletons
  A spriggan (Lair:5)
  21 wraiths
  19 ushabtiu
  Sigmund (D:2)
  3 ynoxinuls (Lair:5)
  A culicivora (shapeshifter) (Vaults:4)
  A culicivora (Zig:5)
  A satyr skeleton (Crypt:3)
  Grum (D:10)
  10 air elementals
  3 shadows
  An ice dragon skeleton (Crypt:1)
  34 water elementals
  A black mamba skeleton (Tomb:2)
  31 yaks
  7 wyverns
  A slime creature zombie (Crypt:1)
  10 humans (D:14)
  7 redbacks
  A death yak simulacrum (IceCv)
  5 fire elementals
  8 basilisks
  A neqoxec (Zig:1)
  12 small abominations (Lair:5)
  2 steam dragons
  Edmund (D:5)
  A chaos spawn (Zig:4)
  A naga zombie (Crypt:3)
  A harpy simulacrum (IceCv)
  10 vampire mosquitoes
  A demonspawn zombie (Crypt:2)
  3 large abominations (Lair:5)
  34 nagas
  6 wargs
  An acid dragon (D:10)
  A glowing shapeshifter zombie (Vaults:2)
  A hydra simulacrum (IceCv)
  12 water moccasins
  A floating eye (shapeshifter) (Elf:1)
  4 ice beasts (D:7)
  33 orc warriors
  2 sky beasts (D:7)
  Pargi (D:3)
  3 black bears
  A cane toad skeleton (Crypt:2)
  30 ogres
  10 wolves
  16 centaurs
  A golden eye zombie (Crypt:1)
  A blink frog skeleton (Crypt:3)
  A phantom (D:6)
  An elf simulacrum (Vaults:2)
  2 kobold brigands
  11 bullfrogs
  8 earth elementals
  12 necrophages
  4 gnoll sergeants
  A cane toad simulacrum (IceCv)
  3 scorpions
  2 wights (D:7)
  2 water moccasin skeletons (Crypt:1)
  A human simulacrum (Vaults:4)
  2 elephant simulacra (IceCv)
  9 killer bees
  A polar bear skeleton (Crypt:3)
  A troll skeleton (D:13)
  6 spriggan skeletons
  3 howler monkeys
  7 hounds
  A jelly (D:8)
  18 orc priests
  Crazy Yiuf (D:3)
  3 gnoll boudas (D:7)
  Jessica (D:3)
  2 iguanas
  Ijyb (D:3)
  18 orc wizards
  A wolf simulacrum (IceCv)
  43 mummies
  19 gnolls
  2 adders
  2 shadow imps
  18 white imps
  An ufetubus (D:5)
  An adder skeleton (Crypt:1)
  4 worms
  4 dart slugs
  69 orcs
  6 endoplasms
  3 giant cockroaches
  3 goblins
  A hobgoblin (D:2)
  13 jackals
  16 kobolds
  5 quokkas
  4 ball pythons
  5 bats
  2 dart slug zombies
  6 frilled lizards
  A gnoll skeleton (Crypt:2)
  A gnoll zombie (Crypt:1)
  An orc skeleton (Crypt:1)
  2 rats
  2 tentacles (Shoals:2)
2257 creatures vanquished.

Vanquished Creatures (collateral kills)
  A death scarab (Tomb:3)
1 creature vanquished.

Vanquished Creatures (others)
  An ettin (Orc:1)
  A death scarab (Tomb:3)
  2 deep elf knights (Elf:1)
  A cane toad (shapeshifter) (Zig:11)
  2 trolls (Orc:1)
  A human (D:14)
  2 wargs (Orc:1)
  An orc warrior (Orc:1)
  2 ogres (Orc:1)
  8 foxfires (Zig:9)
  4 fungi
  83 plants
  30 tentacles (Shoals:2)
  13 withered plants
151 creatures vanquished.

Grand Total: 2409 creatures vanquished

Notes
Turn   | Place    | Note
-------+----------+-------------------------------------------
     0 | D:1      | DildoBatman the Formicid Conjurer began the quest for the
                  | Orb.
     0 | D:1      | Reached XP level 1. HP: 13/13 MP: 3/3
   207 | D:1      | Reached XP level 2. HP: 9/19 MP: 1/5
   210 | D:1      | Learned a level 2 spell: Searing Ray
   757 | D:1      | Reached XP level 3. HP: 24/24 MP: 2/6
  1081 | D:2      | Found a faded altar of an unknown god.
  1692 | D:2      | Reached XP level 4. HP: 30/30 MP: 2/7
  1737 | D:2      | Reached skill level 5 in Conjurations
  1880 | D:2      | Noticed Sigmund
  2310 | D:3      | Reached XP level 5. HP: 35/35 MP: 0/8
  2551 | D:3      | Noticed Pargi
  2666 | D:3      | Found a runed translucent door.
  2667 | D:3      | Noticed Crazy Yiuf
  2736 | D:3      | Noticed Ijyb
  2751 | D:3      | Noticed Jessica
  2898 | D:4      | Noticed an ogre
  3027 | D:4      | Reached XP level 6. HP: 42/42 MP: 3/9
  3099 | D:4      | Noticed an ogre
  3201 | D:4      | Killed an ogre
  3202 | D:4      | Reached skill level 1 in Fighting
  3202 | D:4      | Reached skill level 1 in Armour
  3448 | D:4      | Reached XP level 7. HP: 51/51 MP: 2/11
  3922 | D:5      | Entered Level 5 of the Dungeon
  4100 | D:5      | Noticed Edmund
  4390 | D:5      | Found a staircase to the Ecumenical Temple.
  4399 | Temple   | Entered the Ecumenical Temple
  4399 | Temple   | Found a transporter.
  4399 | Temple   | Found a transporter.
  4401 | Temple   | Found a transporter.
  4401 | Temple   | Found a transporter.
  4423 | Temple   | Became a worshipper of Kikubaaqudgha
  4592 | D:2      | Killed Sigmund
  4593 | D:2      | Reached skill level 5 in Spellcasting
  4593 | D:2      | Reached XP level 8. HP: 52/58 MP: 6/15
  4612 | D:3      | Killed Jessica
  4651 | D:3      | Killed Pargi
  4742 | D:3      | Found a shimmering blue altar of Sif Muna.
  4806 | D:3      | Killed Ijyb
  5036 | D:3      | Killed Crazy Yiuf
  5618 | D:5      | Killed Edmund
  5887 | D:6      | Found a broken altar of Ashenzari.
  5897 | D:6      | Saw a vision of the Shoals and the Snake Pit.
  5897 | D:6      | Noticed a naga warrior
  5897 | D:6      | Noticed an anaconda
  5897 | D:6      | Noticed a mana viper
  5897 | D:6      | Noticed a naga mage
  5897 | D:6      | Noticed a shock serpent
  5897 | D:6      | Noticed a naga mage
  5897 | D:6      | Noticed a mana viper
  5897 | D:6      | Noticed a naga mage
  5897 | D:6      | Noticed a sea snake
  5897 | D:6      | Noticed a merfolk impaler
  5897 | D:6      | Noticed a water nymph
  5897 | D:6      | Noticed a water elemental
  5897 | D:6      | Noticed a snapping turtle
  5897 | D:6      | Noticed a wind drake
  5897 | D:6      | Noticed a water elemental
  5897 | D:6      | Noticed a merfolk avatar
  5897 | D:6      | Noticed a merfolk aquamancer
  5897 | D:6      | Noticed a merfolk avatar
  5898 | D:6      | Noticed a merfolk impaler
  5899 | D:6      | Noticed a manticore
  6022 | D:6      | Reached XP level 9. HP: 65/65 MP: 14/19
  6222 | D:6      | Reached skill level 5 in Fighting
  6222 | D:6      | Reached skill level 5 in Armour
  6675 | D:7      | Found a sparkling altar of Nemelex Xobeh.
  6789 | D:7      | Reached * piety under Kikubaaqudgha
  6789 | D:7      | Received a gift from Kikubaaqudgha
  6806 | D:7      | Learned a level 2 spell: Sublimation of Blood
  6810 | D:7      | Learned a level 3 spell: Vampiric Draining
  6884 | D:7      | Reached skill level 1 in Necromancy
  7339 | D:7      | Found a shadowy altar of Dithmenos.
  7340 | D:7      | Found a hazy altar of Hepliaklqana.
  7415 | D:7      | Reached skill level 5 in Necromancy
  7538 | D:7      | Reached XP level 10. HP: 74/74 MP: 20/20
  7597 | D:7      | Learned a level 3 spell: Stone Arrow
  7711 | D:7      | Reached ** piety under Kikubaaqudgha
  8336 | D:8      | Reached skill level 1 in Earth Magic
  8340 | D:8      | Reached skill level 2 in Earth Magic
  8349 | D:8      | Reached skill level 3 in Earth Magic
  8385 | D:8      | Reached skill level 4 in Earth Magic
  8534 | D:8      | Reached skill level 5 in Earth Magic
  8674 | D:9      | Found Talisuen's General Store.
  8687 | D:9      | Bought a potion of degeneration for 13 gold pieces
  8786 | D:9      | Noticed Maurice
  8807 | D:9      | Reached skill level 1 in Shields
  8828 | D:9      | Noticed a two-headed ogre
  9127 | D:9      | Reached *** piety under Kikubaaqudgha
  9127 | D:9      | Received a gift from Kikubaaqudgha
  9128 | D:9      | Reached XP level 11. HP: 25/80 MP: 12/21
  9133 | D:9      | Learned a level 4 spell: Dispel Undead
  9609 | D:9      | Reached skill level 5 in Shields
  9909 | D:9      | Killed Maurice
 10271 | D:9      | Killed a two-headed ogre
 10337 | D:10     | Entered Level 10 of the Dungeon
 10410 | D:10     | Reached skill level 6 in Earth Magic
 10503 | D:10     | Reached skill level 7 in Earth Magic
 10570 | D:10     | Noticed a skeletal warrior
 10605 | D:10     | Killed a skeletal warrior
 10606 | D:10     | Reached skill level 8 in Earth Magic
 10622 | D:10     | Noticed a cyclops
 10630 | D:10     | Killed a cyclops
 10633 | D:10     | Got the Atlas of Hindering Hoarfrost
 10828 | D:10     | Reached skill level 9 in Earth Magic
 10830 | D:10     | Found Unuheon's Fire Supplies.
 10836 | D:10     | Bought a scroll of immolation for 52 gold pieces
 10961 | D:10     | Noticed Josephine
 10986 | D:10     | Killed Josephine
 10987 | D:10     | Reached XP level 12. HP: 73/88 MP: 6/22
 11007 | D:10     | Noticed Erolcha
 11037 | D:10     | Killed Erolcha
 11115 | D:10     | Found a large runed translucent door.
 11115 | D:10     | Found a large runed translucent door.
 11182 | D:10     | Found Cocorrog's Armour Shop.
 11274 | D:10     | Noticed Urug
 11381 | D:10     | Reached **** piety under Kikubaaqudgha
 11492 | D:11     | Noticed a two-headed ogre
 11503 | D:11     | Reached skill level 5 in Dodging
 11504 | D:11     | Killed a two-headed ogre
 11544 | D:11     | Noticed a two-headed ogre
 11556 | D:11     | Killed a two-headed ogre
 11588 | D:11     | Found a gate leading to a gauntlet.
 11658 | D:11     | Noticed Psyche
 11665 | D:11     | Killed Psyche
 11720 | Gauntlet | Entered a Gauntlet
 11720 | Gauntlet | Found a transporter.
 11732 | Gauntlet | Found a transporter.
 11735 | Gauntlet | Found a transporter.
 11736 | Gauntlet | Found a transporter.
 11744 | Gauntlet | Found a transporter.
 11747 | Gauntlet | Found a transporter.
 11748 | Gauntlet | Found a transporter.
 11749 | Gauntlet | Noticed a catoblepas
 11752 | Gauntlet | Found a runed translucent door.
 11756 | Gauntlet | Found a transporter.
 11759 | Gauntlet | Found a transporter.
 11760 | Gauntlet | Found a transporter.
 11768 | Gauntlet | Found a transporter.
 11771 | Gauntlet | Found a transporter.
 11772 | Gauntlet | Found a transporter.
 11780 | Gauntlet | Found a transporter.
 11829 | Gauntlet | Found a runed translucent door.
 11974 | Gauntlet | Killed a catoblepas
 11978 | Gauntlet | Reached skill level 1 in Polearms
 12151 | Gauntlet | Gained mutation: You expend magic power (3 MP) to
                  | strengthen your wands. [potion of mutation]
 12152 | Gauntlet | Lost mutation: You expend magic power (3 MP) to strengthen
                  | your wands. [potion of mutation]
 12152 | Gauntlet | Gained mutation: You possess an exceptional clarity of
                  | mind. [potion of mutation]
 12153 | Gauntlet | Lost mutation: You possess an exceptional clarity of mind.
                  | [potion of mutation]
 12153 | Gauntlet | Gained mutation: You have large cloven feet. [potion of
                  | mutation]
 12153 | Gauntlet | Gained mutation: You are covered in fur. (AC +1) [potion of
                  | mutation]
 12153 | Gauntlet | Gained mutation: Your muscles are strong. (Str +4, Int/Dex
                  | -1) [potion of mutation]
 12166 | Gauntlet | Reached ***** piety under Kikubaaqudgha
 12167 | Gauntlet | Reached XP level 13. HP: 99/99 MP: 16/23
 12278 | Gauntlet | Noticed a minotaur
 12319 | Gauntlet | Killed a minotaur
 12797 | D:11     | Found a shimmering blue altar of Sif Muna.
 13084 | D:12     | Found a staircase to the Orcish Mines.
 13154 | D:12     | Learned a level 5 spell: Lee's Rapid Deconstruction
 13500 | D:12     | Reached skill level 10 in Fighting
 13502 | D:12     | Noticed a five-headed hydra
 13521 | D:12     | Reached skill level 10 in Armour
 13548 | D:12     | Killed a five-headed hydra
 13942 | Orc:1    | Entered Level 1 of the Orcish Mines
 13942 | Orc:1    | Noticed an ettin
 13947 | Orc:1    | Killed an ettin
 14175 | Orc:2    | Entered Level 2 of the Orcish Mines
 14290 | Orc:2    | Found Kehawawa's Book Boutique.
 14345 | Orc:2    | Found a frozen archway.
 14378 | IceCv    | Entered an ice cave
 14403 | IceCv    | Reached skill level 10 in Earth Magic
 14677 | IceCv    | Reached skill level 10 in Necromancy
 14680 | IceCv    | Reached XP level 14. HP: 72/110 MP: 12/26
 15267 | Orc:2    | Reached skill level 11 in Earth Magic
 15272 | Orc:2    | Reached ****** piety under Kikubaaqudgha
 15283 | Orc:1    | Received a gift from Kikubaaqudgha
 15301 | Orc:1    | Fell from the grace of Kikubaaqudgha
 15533 | Temple   | Became a worshipper of Gozag Ym Sagoz the Greedy
 15660 | D:10     | Noticed Grum
 15672 | D:10     | Killed Urug
 15684 | D:10     | Killed Grum
 15714 | D:10     | Found a staircase to the Lair.
 15834 | Lair:1   | Entered Level 1 of the Lair of Beasts
 15941 | Lair:1   | Identified the +4 ring mail "Cuesal" {Drain rPois Str+7
                  | Stlth+}
 16087 | Lair:1   | Reached skill level 12 in Earth Magic
 17135 | Lair:2   | Noticed Erica
 17144 | Lair:2   | Killed Erica
 17460 | Lair:3   | Found a staircase to the Snake Pit.
 17737 | Lair:3   | Found a broken altar of Ashenzari.
 18101 | Lair:3   | Reached skill level 10 in Spellcasting
 18166 | Lair:3   | Found a staircase to the Shoals.
 18649 | Lair:4   | Reached XP level 15. HP: 115/115 MP: 29/29
 19703 | Lair:5   | Entered Level 5 of the Lair of Beasts
 19895 | Lair:5   | Lost mutation: You have large cloven feet. [potion of
                  | mutation]
 19895 | Lair:5   | Lost mutation: Your muscles are strong. (Str +4, Int/Dex
                  | -1) [potion of mutation]
 19895 | Lair:5   | Gained mutation: Your flesh is heat resistant. (rF+)
                  | [potion of mutation]
 19895 | Lair:5   | Gained mutation: You have sharp fingernails. [potion of
                  | mutation]
 19896 | Lair:5   | Lost mutation: You are covered in fur. (AC +1) [potion of
                  | mutation]
 19896 | Lair:5   | Lost mutation: You have sharp fingernails. [potion of
                  | mutation]
 19896 | Lair:5   | Lost mutation: Your flesh is heat resistant. (rF+) [potion
                  | of mutation]
 19896 | Lair:5   | Gained mutation: Your natural rate of healing is unusually
                  | fast. [potion of mutation]
 19896 | Lair:5   | Gained mutation: You are agile. (Dex +4, Str/Int -1)
                  | [potion of mutation]
 19896 | Lair:5   | Gained mutation: You occasionally lose the ability to read
                  | scrolls when taking damage. [potion of mutation]
 20232 | Lair:5   | Was forgiven by Kikubaaqudgha
 20485 | Lair:5   | Found a corrupted altar of Lugonu.
 20485 | Lair:5   | Found a one-way gate to the infinite horrors of the Abyss.
 20663 | Lair:5   | Noticed Sonja
 20677 | Lair:5   | Reached skill level 15 in Necromancy
 20895 | Lair:5   | Found a viscous altar of Jiyva.
 20895 | Lair:5   | Found a staircase to the Slime Pits.
 20918 | Lair:5   | Killed Sonja
 21503 | Orc:2    | Found Cugumpu's Armour Shop.
 21511 | Orc:2    | Found Gumiwaskio's Armour Shoppe.
 21518 | Orc:2    | Found Itoal's Antique Armour Shop.
 21536 | Orc:2    | Reached XP level 16. HP: 105/122 MP: 30/30
 21651 | Orc:2    | Found a staircase to the Elven Halls.
 22008 | Orc:2    | Learned a level 8 spell: Necromutation
 22027 | Orc:2    | Bought a pair of spiked boots for 313 gold pieces
 22027 | Orc:2    | Identified the +2 pair of boots of the Arena {-Tele Rampage
                  | rPois Int+3} (You bought it in a shop on level 2 of the
                  | Orcish Mines)
 22045 | Orc:2    | Bought a book of Unlife for 504 gold pieces
 22051 | Orc:2    | Learned a level 5 spell: Borgnjor's Vile Clutch
 22207 | D:13     | You fall into a shaft and drop 2 floors!
 22207 | D:15     | Entered Level 15 of the Dungeon
 22872 | D:13     | Reached skill level 13 in Earth Magic
 23859 | D:14     | Found a hide-covered altar of Uskayaw.
 23933 | D:14     | Found a gate to the Vaults.
 24016 | D:14     | Found a hazy altar of Hepliaklqana.
 24505 | D:15     | Reached skill level 10 in Shields
 24902 | D:15     | Found a staircase to the Depths.
 24902 | D:15     | Noticed a frost giant
 24908 | D:15     | Killed a frost giant
 25354 | Shoals:1 | Entered Level 1 of the Shoals
 25495 | Shoals:1 | Noticed Donald
 25509 | Shoals:1 | Killed Donald
 25697 | Shoals:1 | Noticed Louise
 25721 | Shoals:1 | Killed Louise
 25750 | Shoals:1 | Reached XP level 17. HP: 121/128 MP: 26/31
 26354 | Shoals:2 | Noticed Ilsuiw
 26419 | Shoals:2 | Noticed a kraken
 26422 | Shoals:2 | Noticed Polyphemus
 26442 | Shoals:1 | HP: 1/128 [Polyphemus (20)]
 26443 | Shoals:1 | Killed Polyphemus
 26549 | Shoals:1 | Reached skill level 15 in Shields
 26750 | Shoals:2 | Reached skill level 14 in Earth Magic
 26827 | Shoals:2 | Killed Ilsuiw
 27286 | Shoals:2 | Killed a kraken
 27673 | Shoals:3 | Reached skill level 15 in Earth Magic
 27975 | Shoals:3 | Identified Roxanne's Incunabulum of Rotation
 27975 | Shoals:3 | Noticed Roxanne
 27998 | Shoals:3 | Killed Roxanne
 28153 | Shoals:3 | Reached XP level 18. HP: 134/134 MP: 24/32
 28338 | Shoals:3 | Noticed Nikola
 28616 | Shoals:3 | Killed Nikola
 28770 | Shoals:4 | Entered Level 4 of the Shoals
 28770 | Shoals:4 | Found a stormy altar of Qazlal.
 28801 | Shoals:4 | Reached skill level 16 in Earth Magic
 28863 | Shoals:4 | Identified the ring of Acsuv {rF+ rCorr MP-9 Str+4 SInv}
 29080 | Shoals:4 | Got a barnacled rune of Zot
 29081 | Shoals:4 | Identified the +7 short sword of Delicate True Grit {venom,
                  | *Noise Dex+4}
 29378 | Shoals:4 | Identified the +8 quarterstaff "Waziy" {freeze, rCorr
                  | Str+2}
 29473 | Shoals:4 | Reached skill level 17 in Earth Magic
 29972 | Snake:1  | Entered Level 1 of the Snake Pit
 29993 | Snake:1  | Learned a level 6 spell: Statue Form
 30015 | Snake:1  | Identified the +0 ring mail of Fedhas, Loving {Rampage
                  | rPois rF+++ Stlth-}
 30029 | Snake:1  | Found Mowkecus's General Store.
 30034 | Snake:1  | Bought a potion of curing for 45 gold pieces
 30179 | Snake:1  | Reached skill level 1 in Transmutations
 30725 | Snake:1  | Noticed Aizul
 30737 | Snake:1  | Killed Aizul
 30852 | Snake:1  | Reached XP level 19. HP: 140/140 MP: 27/33
 30920 | Snake:1  | Lost mutation: You are agile. (Dex +4, Str/Int -1) [potion
                  | of mutation]
 30920 | Snake:1  | Lost mutation: Your natural rate of healing is unusually
                  | fast. [potion of mutation]
 30920 | Snake:1  | Gained mutation: You are robust. (+10% HP) [potion of
                  | mutation]
 30920 | Snake:1  | Gained mutation: You are agile. (Dex +4, Str/Int -1)
                  | [potion of mutation]
 30920 | Snake:1  | Gained mutation: Your spells are a little harder to cast,
                  | but a little more powerful. [potion of mutation]
 31011 | Snake:2  | Reached skill level 18 in Earth Magic
 31055 | Snake:2  | Found a shimmering altar of Xom.
 31117 | Snake:2  | Reached skill level 5 in Transmutations
 31964 | Snake:3  | Found Quakhetz's Book Shop.
 31967 | Snake:3  | Found Kaohiell's Assorted Antiques.
 31967 | Snake:3  | Found Paefeopo's Jewellery Shop.
 31970 | Snake:3  | Found Degubu's Book Boutique.
 31972 | Snake:3  | Bought a manual of Fighting for 1520 gold pieces
 31975 | Snake:3  | Bought a scroll of immolation for 124 gold pieces
 32478 | Snake:4  | Entered Level 4 of the Snake Pit
 32814 | Snake:4  | Reached skill level 19 in Earth Magic
 33279 | Snake:4  | Reached XP level 20. HP: 167/167 MP: 21/34
 33685 | Snake:4  | Got a serpentine rune of Zot
 34005 | D:10     | Identified 2 scrolls of acquirement
 34110 | Elf:1    | Entered Level 1 of the Elven Halls
 34323 | Vaults:1 | Entered Level 1 of the Vaults
 34863 | Elf:1    | Found a transporter.
 34902 | Elf:1    | Noticed itabs500's ghost (journeyman DsBe)
 34914 | Elf:1    | Found a transporter.
 34973 | Elf:1    | Found Farubih's Jewellery Shoppe.
 35151 | Elf:1    | Identified the +4 scale mail of Starshine {rElec rF- Str+6
                  | Int-5}
 35424 | Elf:1    | Reached skill level 20 in Earth Magic
 35678 | Elf:1    | Reached skill level 10 in Transmutations
 35686 | Elf:1    | Found the +12 pair of quick blades "Gyre" and "Gimble"
                  | {protect}
 36015 | Vaults:1 | Noticed Saint Roka
 36223 | Vaults:1 | Killed Saint Roka
 36321 | Vaults:1 | Reached skill level 15 in Fighting
 36523 | Vaults:1 | Reached XP level 21. HP: 175/188 MP: 26/35
 36732 | Vaults:1 | Identified the +6 war axe "Bir Vink" {antimagic, Int+5}
 36857 | Vaults:1 | Found Zaunkatiu's Antique Weapon Shop.
 38593 | Vaults:2 | Found a radiant altar of Vehumet.
 38602 | Vaults:2 | Identified the +5 robe "Dillank" {Will+ Int-3 Stlth+}
 38609 | Vaults:2 | Identified the +1 hat of Vadese {Regen+}
 38733 | Vaults:2 | Reached skill level 15 in Transmutations
 38973 | Vaults:2 | Noticed Boris
 38984 | Vaults:2 | Killed Boris
 39153 | Vaults:3 | Found a staircase to the Crypt.
 39353 | Vaults:3 | Found the ring of the Hare {EV+8}
 39646 | Vaults:3 | Reached XP level 22. HP: 190/199 MP: 7/36
 39671 | Vaults:3 | Found a runed translucent gate.
 39676 | Vaults:3 | Found a runed translucent gate.
 39676 | Vaults:3 | Found an ancient bone altar of Kikubaaqudgha.
 39676 | Vaults:3 | Found a runed translucent gate.
 39676 | Vaults:3 | Noticed kalagan's ghost (adept DECj)
 39676 | Vaults:3 | Noticed a dread lich
 39747 | Vaults:3 | Killed a dread lich
 39961 | Vaults:3 | Killed kalagan's ghost
 39971 | Vaults:3 | Identified the +1 ring mail of Egalosax {rPois rF+ Int+6
                  | Dex-2}
 39976 | Vaults:3 | Identified the +1 hat "Kugusk" {rN+ Int+3 Dex+4}
 39979 | Vaults:3 | Identified the amulet "Qoitus" {RegenMP rN+ Str+7}
 39981 | Vaults:3 | Identified the +11 hand axe "Hellblazer" {vamp, rElec rPois
                  | Dex-4 SInv}
 42331 | Elf:2    | Found a runed translucent gate.
 42331 | Elf:2    | Found a runed translucent gate.
 42331 | Elf:2    | Found a runed translucent gate.
 42332 | Elf:2    | Noticed MOCHET's ghost (adept MiBe)
 42333 | Elf:2    | Noticed Hiliwumm's ghost (veteran MiGl)
 42403 | Elf:2    | Found Kinom's Armour Emporium.
 42675 | Elf:2    | Found a runed translucent gate.
 42675 | Elf:2    | Found a runed translucent gate.
 42675 | Elf:2    | Found a runed translucent gate.
 42721 | Elf:2    | Reached XP level 23. HP: 204/205 MP: 1/37
 43058 | Elf:2    | Identified the +5 short sword of Ambiguity {venom, rElec
                  | rF+ rC+ Stlth+}
 43391 | Elf:2    | Killed MOCHET's ghost
 43397 | Elf:2    | Killed Hiliwumm's ghost
 43410 | Elf:2    | Identified the ring of Tothaexzo {Ice Dex+3 SInv}
 43505 | Elf:1    | Killed itabs500's ghost
 43593 | Elf:1    | Identified the ring of the Shining Light {Fire Str+3 Dex+5}
 43712 | Elf:3    | Entered Level 3 of the Elven Halls
 43720 | Elf:3    | Found Zail's Assorted Antiques.
 43731 | Elf:3    | Bought a potion of curing for 123 gold pieces
 43731 | Elf:3    | Bought a scroll of identify for 82 gold pieces
 44209 | Elf:3    | Identified the +6 morningstar of Vuni {venom, Str+2 Stlth+}
 45178 | Crypt:1  | Entered Level 1 of the Crypt
 45198 | Crypt:1  | Identified the +1 chain mail of Courage {rElec Int+4}
 45244 | Crypt:1  | Identified the +0 ring mail "Apiffa Putt" {Drain rN++ Int+4
                  | SInv}
 45433 | Crypt:1  | Identified the +5 ring mail "Jellozet" {Harm rC+ rN++
                  | Stlth-}
 45500 | Crypt:1  | Reached XP level 24. HP: 210/214 MP: 35/40
 45605 | Crypt:1  | Identified the +8 flail of Dismemberment {drain, Str+2}
 45930 | Crypt:2  | Noticed Bai Suzhen
 45949 | Crypt:2  | Killed Bai Suzhen
 46411 | Crypt:2  | Noticed Margery
 46427 | Crypt:2  | Killed Margery
 46674 | Crypt:3  | Entered Level 3 of the Crypt
 46930 | Crypt:3  | Reached skill level 15 in Spellcasting
 47160 | Crypt:3  | Found a basalt altar of Yredelemnul.
 47236 | Crypt:3  | Reached skill level 21 in Earth Magic
 47700 | Crypt:3  | Found the +5 robe of Night {Dark Will+ SInv}
 47849 | Crypt:3  | Reached skill level 22 in Earth Magic
 47892 | Crypt:3  | Noticed Jory
 47901 | Crypt:3  | Killed Jory
 48093 | Crypt:3  | Found a staircase to the Tomb.
 48121 | Tomb:1   | Entered Level 1 of the Tomb of the Ancients
 48121 | Tomb:1   | Noticed Khufu
 48121 | Tomb:1   | Noticed a royal mummy
 48121 | Tomb:1   | Noticed a royal mummy
 48121 | Tomb:1   | Noticed a royal mummy
 48131 | Crypt:3  | Killed Khufu
 48132 | Crypt:3  | Reached XP level 25. HP: 177/221 MP: 29/42
 48189 | Crypt:3  | Killed a royal mummy
 48208 | Tomb:1   | Killed a royal mummy
 48213 | Tomb:1   | Killed a royal mummy
 48282 | Tomb:1   | Reached skill level 23 in Earth Magic
 48568 | Tomb:1   | Noticed a royal mummy
 48581 | Tomb:1   | Killed a royal mummy
 48607 | Tomb:1   | Noticed a royal mummy
 48617 | Tomb:1   | Killed a royal mummy
 48679 | Tomb:1   | Reached skill level 24 in Earth Magic
 48822 | Tomb:1   | Identified the amulet "Bireizi" {Faith rCorr SInv Stlth+}
 49384 | Vaults:5 | Entered Level 5 of the Vaults
 49384 | Vaults:5 | Noticed Boris
 49701 | Vaults:5 | Killed Boris
 49702 | Vaults:5 | Reached skill level 25 in Earth Magic
 49954 | Vaults:5 | Noticed an ancient lich
 49971 | Vaults:5 | Killed an ancient lich
 50153 | Vaults:5 | Noticed an ancient lich
 50160 | Vaults:5 | Reached skill level 26 in Earth Magic
 50170 | Vaults:4 | Reached XP level 26. HP: 183/228 MP: 12/42
 50232 | Vaults:5 | Killed an ancient lich
 50319 | Vaults:5 | Identified the +5 quarterstaff of Kindness {pain, Str+8}
 50364 | Vaults:5 | Noticed an ancient lich
 50375 | Vaults:5 | Killed an ancient lich
 50492 | Vaults:5 | Reached skill level 27 in Earth Magic
 50607 | Vaults:5 | Identified the ring of Amorality {rPois rF+ rCorr Str-4}
 50629 | Vaults:5 | Identified the +2 robe of the Land of Plenty {Stlth+}
 50935 | Vaults:5 | Got a silver rune of Zot
 50958 | Vaults:5 | Got the Folio of the Figure and Damage Dealing
 51165 | Vaults:5 | Got Osouf's Monograph on Rime
 51958 | Tomb:2   | Noticed a royal mummy
 51961 | Tomb:2   | Noticed a royal mummy
 51968 | Tomb:2   | Noticed a royal mummy
 51970 | Tomb:2   | Killed a royal mummy
 51977 | Tomb:2   | Killed a royal mummy
 51977 | Tomb:2   | Noticed a royal mummy
 51981 | Tomb:2   | Killed a royal mummy
 52088 | Tomb:2   | Killed a royal mummy
 52576 | Tomb:1   | Noticed a royal mummy
 52576 | Tomb:1   | Noticed a royal mummy
 52576 | Tomb:1   | Noticed a royal mummy
 52582 | Tomb:1   | Killed a royal mummy
 52590 | Tomb:1   | Killed a royal mummy
 52592 | Tomb:1   | Killed a royal mummy
 52600 | Tomb:1   | Noticed a royal mummy
 52611 | Tomb:1   | Killed a royal mummy
 52614 | Tomb:1   | Noticed a royal mummy
 52616 | Tomb:1   | Noticed a royal mummy
 52617 | Tomb:1   | Noticed a royal mummy
 52625 | Tomb:1   | Killed a royal mummy
 52627 | Tomb:1   | Killed a royal mummy
 52629 | Tomb:1   | Noticed a royal mummy
 52630 | Tomb:1   | Killed a royal mummy
 52649 | Tomb:1   | Killed a royal mummy
 52687 | Tomb:1   | Noticed a royal mummy
 52699 | Tomb:1   | Killed a royal mummy
 52700 | Tomb:1   | Reached XP level 27. HP: 172/237 MP: 34/42
 52782 | Tomb:1   | Noticed a royal mummy
 52782 | Tomb:1   | Noticed a royal mummy
 52786 | Tomb:1   | Noticed a royal mummy
 52798 | Tomb:1   | Killed a royal mummy
 52805 | Tomb:1   | Killed a royal mummy
 52807 | Tomb:1   | Killed a royal mummy
 53240 | Tomb:3   | Entered Level 3 of the Tomb of the Ancients
 53269 | Tomb:3   | Noticed a royal mummy
 53269 | Tomb:3   | Noticed a royal mummy
 53276 | Tomb:3   | Noticed a royal mummy
 53282 | Tomb:3   | Killed a royal mummy
 53288 | Tomb:3   | Killed a royal mummy
 53288 | Tomb:3   | Noticed a royal mummy
 53295 | Tomb:3   | Noticed a royal mummy
 53302 | Tomb:3   | Killed a royal mummy
 53307 | Tomb:3   | Noticed a royal mummy
 53307 | Tomb:3   | Noticed a royal mummy
 53310 | Tomb:3   | Noticed a royal mummy
 53318 | Tomb:3   | Noticed a royal mummy
 53319 | Tomb:3   | Killed a royal mummy
 53330 | Tomb:3   | Killed a royal mummy
 53334 | Tomb:3   | Killed a royal mummy
 53336 | Tomb:3   | Killed a royal mummy
 53340 | Tomb:3   | Killed a royal mummy
 53351 | Tomb:3   | Killed a royal mummy
 53352 | Tomb:3   | Reached skill level 10 in Dodging
 53721 | Tomb:3   | Got a golden rune of Zot
 53818 | Tomb:3   | Identified the +1 pair of boots of Oblivion {-Tele rPois
                  | rCorr Int+2}
 53821 | Tomb:3   | Identified the ring of Puweycwu {Will+ Str+3}
 53823 | Tomb:3   | Identified the ring "Elotofri" {rF- rN+ Int+3 Dex+6 Slay+3}
 53838 | Tomb:3   | Identified the +8 rapier of Kuhacwi {speed, rCorr}
 53840 | Tomb:3   | Identified the ring of Weog {Ice *Corrode rElec Str+3}
 54989 | Tomb:3   | Bought the Handbook of Mutated Hypothermia for 816 gold
                  | pieces
 54999 | Tomb:3   | Learned a level 9 spell: Polar Vortex
 55011 | Tomb:3   | Learned a level 8 spell: Lehudib's Crystal Spear
 55021 | Tomb:3   | Learned a level 9 spell: Death's Door
 55046 | Tomb:3   | Lost mutation: You are agile. (Dex +4, Str/Int -1) [potion
                  | of mutation]
 55046 | Tomb:3   | Lost mutation: You are robust. (+10% HP) [potion of
                  | mutation]
 55046 | Tomb:3   | Lost mutation: You occasionally lose the ability to read
                  | scrolls when taking damage. [potion of mutation]
 55046 | Tomb:3   | Gained mutation: You expend magic power (3 MP) to
                  | strengthen your wands. [potion of mutation]
 55046 | Tomb:3   | Gained mutation: Your body sometimes deteriorates upon
                  | taking damage. [potion of mutation]
 55046 | Tomb:3   | Gained mutation: You are frail. (-10% HP) [potion of
                  | mutation]
 55046 | Tomb:3   | Gained mutation: Your spells are harder to cast, but more
                  | powerful. [potion of mutation]
 55047 | Tomb:3   | Lost mutation: Your body sometimes deteriorates upon taking
                  | damage. [potion of mutation]
 55047 | Tomb:3   | Lost mutation: Your spells are harder to cast, but more
                  | powerful. [potion of mutation]
 55047 | Tomb:3   | Lost mutation: Your spells are a little harder to cast, but
                  | a little more powerful. [potion of mutation]
 55047 | Tomb:3   | Gained mutation: Your muscles are strong. (Str +4, Int/Dex
                  | -1) [potion of mutation]
 55048 | Tomb:3   | Lost mutation: You expend magic power (3 MP) to strengthen
                  | your wands. [potion of mutation]
 55048 | Tomb:3   | Lost mutation: Your muscles are strong. (Str +4, Int/Dex
                  | -1) [potion of mutation]
 55048 | Tomb:3   | Lost mutation: You are frail. (-10% HP) [potion of
                  | mutation]
 55048 | Tomb:3   | Gained mutation: Your spells are a little harder to cast,
                  | but a little more powerful. [potion of mutation]
 55048 | Tomb:3   | Gained mutation: Armour fits poorly on your strangely
                  | shaped body. [potion of mutation]
 55049 | Tomb:3   | Lost mutation: Armour fits poorly on your strangely shaped
                  | body. [potion of mutation]
 55049 | Tomb:3   | Lost mutation: Your spells are a little harder to cast, but
                  | a little more powerful. [potion of mutation]
 55049 | Tomb:3   | Gained mutation: You are resistant to electric shocks.
                  | (rElec) [potion of mutation]
 55049 | Tomb:3   | Gained mutation: You have a beak for a mouth. [potion of
                  | mutation]
 55049 | Tomb:3   | Gained mutation: Your mind is acute. (Int +4, Str/Dex -1)
                  | [potion of mutation]
 55050 | Tomb:3   | Lost mutation: Your mind is acute. (Int +4, Str/Dex -1)
                  | [potion of mutation]
 55050 | Tomb:3   | Lost mutation: You have a beak for a mouth. [potion of
                  | mutation]
 55050 | Tomb:3   | Gained mutation: You are partially covered in iridescent
                  | scales. (AC +2) [potion of mutation]
 55050 | Tomb:3   | Gained mutation: Your spells are a little harder to cast,
                  | but a little more powerful. [potion of mutation]
 55050 | Tomb:3   | Gained mutation: Your mind is acute. (Int +4, Str/Dex -1)
                  | [potion of mutation]
 55136 | Tomb:3   | Bought the +0 tower shield of Amelioration {Contam rPois
                  | Regen+} for 242 gold pieces
 55788 | Elf:1    | Bought the ring of the Mage {Wiz Archmagi} for 816 gold
                  | pieces
 55788 | Elf:1    | Found the ring of the Mage {Wiz Archmagi}
 55896 | Orc:2    | Bought the +8 orange crystal plate armour {Archmagi, Int+3
                  | Clar} for 2312 gold pieces
 55896 | Orc:2    | Found the +8 orange crystal plate armour {Archmagi, Int+3
                  | Clar}
 56699 | Zig:1    | Entered Level 1 of a ziggurat
 56738 | Zig:2    | Entered Level 2 of a ziggurat
 56748 | Zig:2    | Reached skill level 1 in Ice Magic
 56805 | Zig:3    | Entered Level 3 of a ziggurat
 56878 | Zig:4    | Entered Level 4 of a ziggurat
 56881 | Zig:4    | Noticed a Killer Klown
 56893 | Zig:4    | Killed a Killer Klown
 56927 | Zig:4    | Identified the +3 shortbow of Execution {venom, Fly rF-
                  | rCorr Int+6}
 56952 | Zig:5    | Entered Level 5 of a ziggurat
 56997 | Zig:5    | Identified the +1 rapier of a Million Hells {vorpal, *Slow
                  | rPois Str-2 Dex+6}
 57047 | Zig:6    | Entered Level 6 of a ziggurat
 57064 | Zig:6    | Reached skill level 5 in Ice Magic
 57115 | Zig:7    | Entered Level 7 of a ziggurat
 57121 | Zig:7    | Noticed an ancient lich
 57121 | Zig:7    | Noticed an ancient lich
 57135 | Zig:7    | Killed an ancient lich
 57136 | Zig:7    | Killed an ancient lich
 57160 | Zig:7    | Identified the +5 dire flail "Fatoittauhe" {vorpal, Int+2}
 57224 | Zig:8    | Entered Level 8 of a ziggurat
 57276 | Zig:8    | Identified the +8 war axe of Pestilence {vorpal, rElec
                  | Str+4}
 57280 | Zig:8    | Identified the +5 rapier of Karma {vorpal, *Rage rF++ Will+
                  | rCorr}
 57283 | Zig:8    | Identified the +1 robe of Ruetikle {+Inv Fly rC++ Stlth-}
 57321 | Zig:9    | Entered Level 9 of a ziggurat
 57408 | Zig:9    | Reached skill level 10 in Ice Magic
 57433 | Zig:10   | Entered Level 10 of a ziggurat
 57441 | Zig:10   | Noticed Colgate's ghost (veteran FoHu)
 57441 | Zig:10   | Found the +11 plutonium sword {Contam Stlth-}
 57441 | Zig:10   | Noticed dvd2's ghost (veteran MiHu)
 57499 | Zig:10   | Killed dvd2's ghost
 57520 | Zig:10   | Killed Colgate's ghost
 57584 | Zig:10   | Identified the +7 mace of the Magic Mushroom {freeze,
                  | Str+3}
 57588 | Zig:10   | Identified the +11 giant spiked club of Classification
                  | {freeze, Fragile Fly rF++ Int+4}
 57589 | Zig:10   | Identified the +0 robe "Hiyzae" {rF- rN+ Will+}
 57594 | Zig:10   | Identified the ring "Lolawivi" {Wiz rPois Dex+3}
 57639 | Zig:11   | Entered Level 11 of a ziggurat
 57649 | Zig:11   | Found the +10 morningstar "Eos" {elec, Halo rElec}
 57649 | Zig:11   | Found the +3 robe of Clouds {*Thunder rCloud rElec}
 57708 | Zig:11   | Identified the ring "Weym" {rPois Int+4}
 57784 | Zig:12   | Entered Level 12 of a ziggurat
 57794 | Zig:12   | Noticed a juggernaut
 57794 | Zig:12   | Noticed a juggernaut
 57794 | Zig:12   | Noticed a juggernaut
 57812 | Zig:12   | Killed a juggernaut
 57813 | Zig:12   | Mangled by an ettin

Illustrated notes

Levels and vault maps discovered:
D:1:      nicolae_arrival_memento_mori, layout_loops_corners,
          minmay_curled_crystal, chequers_serial_rivers_large_a
D:2:      layout_loops_ring, shapermc_ecumenical_altar_flowoftime, st_stairs_10,
          cheibrodos_gnoll_hut, uniq_sigmund
D:3:      layout_loops_ring, mainiacjoe_overflow_cross_hatched,
          uniq_crazy_yiuf_cottage, uniq_ijyb, uniq_jessica, uniq_pargi
D:4:      layout_cave_pods
D:5:      layout_rooms, minmay_temple_entry_glass, palyth_stone_intersect,
          chequers_serial_rivers_large_b, uniq_edmund
D:6:      layout_basic, grunt_ashenzari_visionary
          [grunt_ashenzari_visionary_shoals, grunt_ashenzari_visionary_snake],
          nicolae_fountain_basement
D:7:      minmay_polygon_palace, layout_loops_ring,
          riverfiend_overflow_shadow_ancestor,
          nemelex_xobeh_ov_fountains_minmay, minmay_increasing_density
D:8:      layout_basic
D:9:      layout_layer_cave, serial_shops, nicolae_square_shop, uniq_maurice
D:10:     minmay_bloctagon_deflated, layout_irregular_city, lair_entry_dummy,
          serial_shops, kennysheep_mini, nicolae_shop_fire_sale
          [nicolae_sub_dead_trees], lightli_elemental_guards, uniq_urug,
          uniq_grum, uniq_erolcha, uniq_josephine
D:11:     layout_loops_ring, gauntlet_entry_generic, kennysheep_orc_sif_temple,
          uniq_psyche
D:12:     layout_roguey, david_orc_2, kennysheep_dice
D:13:     layout_grid_maze, hangedman_tell_no_tales
D:14:     layout_rooms, ximxim_vaults_locker_room, nicolae_uskayaw_suspiria,
          nrook_uturn, nicolae_hepliaklqana_hazy_memory
D:15:     grunt_enter_depths_snipers, layout_rooms, serial_co_window_serial,
          co_window_cross_1, co_window_paths_b, co_window_of_opportunity_a,
          co_window_corner_a, co_window_paths_a, co_window_paths_a,
          co_window_paths_c, co_window_broadway_a, co_window_corner_b,
          co_window_corner_cb, co_window_corner_b, co_window_paths_e,
          co_window_paths_d, minivault_25
Temple:   hellmonk_temple_divided_pantheon
Lair:1:   layout_cave_pods
Lair:2:   layout_roguey, uniq_erica
Lair:3:   layout_concentric_octagons, minmay_shoals_entry_hut,
          guppyfry_snake_entry_island, basic_altar
Lair:4:   layout_cave_pods, serial_bayou_shore_b
Lair:5:   hellmonk_lair_end_abyssal_woods, layout_gridlike, slime_entry_1,
          nicolae_lair_grove_arrangements, uniq_sonja
Shoals:1: layout_shoals, uniq_louise, uniq_donald
Shoals:2: layout_shoals, uniq_ilsuiw, uniq_polyphemus
Shoals:3: cheibrodos_shoals_satyrical_garden, layout_shoals, uniq_nikola,
          uniq_roxanne
Shoals:4: shoals_end_hellmonk_storm_palace [storm_palace_center_square,
          storm_palace_corner_reverse_hut, storm_palace_corner_reverse_hut,
          storm_palace_corner_reverse_hut, storm_palace_corner_altar]
Snake:1:  layout_misc_corridors, serial_shops, nicolae_shop_hallway_plus,
          grunt_ministairs_7, nicolae_snake_gridmaze_spiral,
          nicolae_snake_mages_go_home, uniq_aizul
Snake:2:  nicolae_aizul_guard, layout_misc_corridors, basic_altar,
          corexii_hall_statues_i, grunt_megastairs_1
Snake:3:  layout_onion, minmay_shoptagon, serial_bayou_shore_b,
          lemuel_fruit_tree, grunt_megastairs_2
Snake:4:  hellmonk_snake_rune_quicksilver_temple, layout_onion
Orc:1:    layout_caves, basic_altar
Orc:2:    st_orc_open, layout_caves, portal_ice_cave_entry_imps
Elf:1:    elf_arrival_001, layout_loops_corners,
          gammafunk_ghost_berserking_beasts, serial_shops,
          nicolae_shop_waterfront, minivault_28,
          hellmonk_guarded_unrand_gyre_and_gimble
Elf:2:    elven_hall_of_blades_hangedman_original
          [nicolae_blade_entry_crossed_weapons], layout_loops_corners,
          gammafunk_ghost_cemetery, minmay_shop_star
Elf:3:    grunt_elf_hall_spiral, layout_geoelf_grid, serial_shops,
          nicolae_shop_temple_entry_statues_fountains
Vaults:1: v_misc_29, v_rooms_1, nicolae_vaults_little_squares_6,
          vaults_dpeg_emergency_exit, grunt_vaults_hallway_short,
          hangedman_vaults_maws, nicolae_vaults_murderbox,
          nicolae_vaults_alarming, nicolae_vaults_little_squares_6,
          vaults_room_grid, vaults_mumra_hexcomb, layout_vaults_big_room,
          serial_shops, shop, uniq_saint_roka
Vaults:2: hangedman_vaults_slither, v_misc_30, ontoclasm_vaults_ligature,
          v_pattern_3, vaults_mumra_chevron_long, v_rooms_5,
          grunt_tower_of_power, v_misc_4, nicolae_vaults_what_the_h, v_misc_25,
          nicolae_vaults_little_squares_6, layout_vaults_omnibox, uniq_boris
Vaults:3: gammafunk_ghost_crypt, ontoclasm_vaults_loading_screen,
          hangedman_vaults_nodes, minmay_crypt_entry_simple_round,
          vaults_room_corners, vaults_standard_mumra_enter_the_diamond,
          vaults_room_glass_cross, layout_vaults_omnigrid
Vaults:4: v_misc_18, v_misc_4, hangedman_vaults_hat, vaults_room_pools,
          v_misc_22, vaults_room_stairs_pillars, hangedman_vaults_corner,
          nicolae_vaults_quartermaster, ontoclasm_vaults_ring_small,
          ontoclasm_vaults_spin, nicolae_vaults_rhombus_5, layout_vaults_ring
Vaults:5
Crypt:1:  layout_chaotic_city
Crypt:2:  layout_gridlike, hex_intersection, minivault_23, grunt_megastairs_5,
          uniq_margery, uniq_bai_suzhen
Crypt:3:  church_of_pain_bobbens, layout_chaotic_city,
          nicolae_tomb_entry_rubble_hallway, uniq_jory, uniq_josephina
Tomb:1:   uniq_khufu
Tomb:2
Tomb:3
Zig:12

Skill      XL: |  1  2  3  4  5  6  7  8  9 10 11 12 13 14 15 16 17 18 19 20 21 22 23 24 25 26 27 |
---------------+----------------------------------------------------------------------------------+-----
Conjurations   | 4 5 6 |  6.0
Dodging        | 2 3 4 6 7 8 10 | 10.0
Fighting       | 2 3 4 5 6 8 10 11 16 17 18 | 18.7
Armour         | 2 3 4 5 6 8 10 11 12 | 12.9
Spellcasting   | 3 5 7 8 10 13 15 16 | 16.7
Necromancy     | 5 9 10 12 16 18 19 20 21 23 | 23.0
Earth Magic    | 5 9 10 12 13 15 17 19 20 22 26 27 | 27.0
Shields        | 3 9 13 15 16 17 | 17.7
Polearms       | 2 3 |  3.0
Transmutations | 3 8 11 16 18 20 | 20.0
Ice Magic      | 12 | 12.4
Stealth        | |  2.4

Action                   |  1- 3 |  4- 6 |  7- 9 | 10-12 | 13-15 | 16-18 | 19-21 | 22-24 | 25-27 || total
-------------------------+-------+-------+-------+-------+-------+-------+-------+-------+-------++-------
Melee: Short sword       |    32 |       |       |       |       |       |       |       |       ||    32
       Punch             |     2 |       |     3 |     3 |       |       |       |       |       ||     8
       Mace              |       |       |    70 |       |       |       |       |       |       ||    70
       Trident           |       |       |    15 |   381 |  1044 |   665 |   390 |       |       ||  2495
       Spear             |       |       |    11 |   140 |       |       |       |       |       ||   151
       Kick              |       |       |       |       |     1 |       |       |       |       ||     1
       Scimitar          |       |       |       |       |       |     1 |       |       |       ||     1
       Pair of quick bla |       |       |       |       |       |       |   203 |   784 |   763 ||  1750
 Fire: Sling             |       |    52 |    30 |       |       |       |       |       |       ||    82
       Shortbow          |       |       |     3 |       |       |       |       |       |       ||     3
Throw: Dart              |       |       |       |       |     2 |       |       |       |       ||     2
       Stone             |       |       |       |       |       |     1 |       |       |       ||     1
 Cast: Magic Dart        |    46 |    22 |    14 |    20 |    16 |       |       |       |       ||   118
       Searing Ray       |     6 |    17 |    56 |    35 |     4 |       |       |       |       ||   118
       Sublimation of Bl |       |       |     3 |    31 |    88 |   102 |    65 |    17 |     3 ||   309
       Vampiric Draining |       |       |       |    13 |    21 |     7 |     3 |       |       ||    44
       Dispel Undead     |       |       |       |    25 |    10 |     4 |     7 |    93 |    68 ||   207
       Stone Arrow       |       |       |       |    45 |   314 |    67 |     3 |    11 |       ||   440
       Lee's Rapid Decon |       |       |       |       |     6 |     2 |       |       |       ||     8
       Borgnjor's Vile C |       |       |       |       |       |   290 |   351 |   301 |   365 ||  1307
       Statue Form       |       |       |       |       |       |       |    15 |     2 |       ||    17
       Necromutation     |       |       |       |       |       |       |       |    40 |    67 ||   107
       Lehudib's Crystal |       |       |       |       |       |       |       |       |     1 ||     1
Invok: Unearth Wretches  |       |       |       |       |     5 |       |       |       |       ||     5
       Receive Forbidden |       |       |       |       |     1 |       |       |       |       ||     1
       Renounce Religion |       |       |       |       |     1 |       |       |       |       ||     1
       Potion Petition   |       |       |       |       |       |       |       |       |     8 ||     8
       Call Merchant     |       |       |       |       |       |       |       |       |     5 ||     5
 Abil: Dig               |       |       |       |     5 |    14 |     2 |       |       |       ||    21
       End Transformatio |       |       |       |       |       |       |    14 |     4 |     3 ||    21
Evoke: Condenser vane    |       |       |       |       |       |       |       |       |     3 ||     3
       Box of beasts     |       |       |       |       |       |       |       |       |     1 ||     1
       Figurine of a zig |       |       |       |       |       |       |       |       |     1 ||     1
       Phantom mirror    |       |       |       |       |       |       |       |       |     1 ||     1
  Use: Scroll            |       |       |     7 |    15 |     8 |     1 |    12 |     5 |     6 ||    54
       Potion            |       |       |       |     5 |     6 |       |     1 |       |     6 ||    18
 Stab: Distracted        |       |       |     1 |       |     7 |     9 |     7 |    14 |    15 ||    53
       Sleeping          |       |       |       |     7 |     4 |     4 |     2 |     8 |       ||    25
       Paralysed         |       |       |       |       |    10 |       |       |       |       ||    10
       Petrified         |       |       |       |       |     3 |       |       |       |       ||     3
       Petrifying        |       |       |       |       |     1 |       |       |       |       ||     1
       Fleeing           |       |       |       |       |       |       |     1 |       |       ||     1
Armor: Robe              |     3 |       |       |     3 |       |       |     1 |       |       ||     7
       Leather armour    |       |     2 |     9 |       |       |       |       |       |       ||    11
       Troll leather arm |       |       |    90 |   245 |   486 |   292 |   151 |   189 |   348 ||  1801
       Skin              |       |       |       |       |     6 |       |    76 |    19 |       ||   101
Dodge: Dodged            |    15 |    15 |   128 |   393 |   618 |   477 |   277 |   541 |   931 ||  3395
Block: Kite shield       |       |       |       |   212 |   759 |   280 |       |       |       ||  1251
       Reflection        |       |       |       |       |       |     9 |       |       |       ||     9
       Tower shield      |       |       |       |       |       |   609 |   700 |   970 |  1409 ||  3688
